 Dungeon Crawl Stone Soup version 0.29-a0-2-g12fcac58f8 (webtiles) character file.

Game seed: 11685430798383111581

111 fragbeetle the Chopper (level 4, -6/40 HPs)
             Began as a Hill Orc Cinder Acolyte on Jan 26, 2022.
             Was a High Priest of Ignis.
             Killed by divine providence
             ... invoked by an orc priest
              (12 damage)
             ... on level 3 of the Dungeon.
             The game lasted 00:02:15 (1635 turns).

fragbeetle the Chopper (Hill Orc Cinder Acolyte)    Turns: 1635, Time: 00:02:15

Health: -6/40      AC:  2    Str: 18    XL:     4   Next: 92%
Magic:  0/6        EV: 11    Int: 14    God:    Ignis [*****.]
Gold:   84         SH:  0    Dex:  6    Spells: 4/6 levels left

rFire   + . .      SeeInvis +   a - -1 hand axe (flame)
rCold   . . .      Faith    .   (no shield)
rNeg    . . .      Spirit   .   b - +0 robe
rPois   .          Reflect  .   (no helmet)
rElec   .          Harm     .   (no cloak)
rCorr   .          Rampage  .   (no gloves)
Will    .....                   (no boots)
Stlth   +.........              h - amulet of regeneration
HPRegen 0.93/turn               i - ring of see invisible
MPRegen 0.10/turn               (no ring)

@: very slightly contaminated
A: no striking features
a: Renounce Religion, Convert to Beogh, Fiery Armour, Foxfire Swarm, Rising
Flame


You were on level 3 of the Dungeon.
You worshipped Ignis.
Ignis was extremely pleased with you.
You visited 1 branch of the dungeon, and saw 3 of its levels.

You collected 84 gold pieces.

Inventory:

Hand Weapons
 a - a -1 hand axe of flaming (weapon)
Missiles
 e - 6 boomerangs (quivered)
Armour
 b - a +0 robe (worn)
Magical Staves
 d - a staff of earth
Jewellery
 h - an amulet of regeneration (around neck)
 i - a ring of see invisible (left hand)
Scrolls
 f - 2 scrolls of identify {unknown}
 g - a scroll of enchant weapon {unknown}
 j - a scroll of fear {unknown}
 k - a scroll of blinking {unknown}
Potions
 c - a potion of attraction {unknown}
 l - 2 potions of might {unknown}
 m - a potion of curing {unknown}
 n - a potion of magic {unknown}
 o - a potion of degeneration {unknown}


   Skills:
 + Level 4.2 Fighting
 * Level 5.2 Axes
 + Level 1.5 Spellcasting
 * Level 4.4 Fire Magic


You had 4 spell levels left.
You knew the following spells:

 Your Spells              Type           Power      Damage    Failure   Level
a - Scorch                Fire           26%        2d6       6%          2

Your spell library contained the following spells:

 Spells                   Type           Power      Damage    Failure   Level


Dungeon Overview and Level Annotations

Branches:
Dungeon (3/15)

Altars:


Message History

Confirm with . or Enter, or press ? or * to list all spells.
You miscast Scorch.
You are very lightly contaminated with residual magic.
Nothing appears to happen.
The orc priest mumbles some strange prayers to Beogh against you.
Beogh smites you! The orc hits you with a +0 dagger.
* * * LOW HITPOINT WARNING * * *
Casting: Scorch (safe; 6% risk of failure)
Confirm with . or Enter, or press ? or * to list all spells.
Flames lash the orc.
The orc is lightly wounded.
The orc's fire resistance burns away.
The orc priest calls upon Beogh to heal the orc.
The orc's wounds heal themselves!
The orc hits you with a +0 dagger.
* * * LOW HITPOINT WARNING * * *
Casting: Scorch (safe; 6% risk of failure)
Confirm with . or Enter, or press ? or * to list all spells.
Flames lash the orc.
The orc is burned terribly!
The orc is heavily wounded.
The orc priest threatens, "By the altar or by the axe, you will meet Beogh!"
The orc priest calls down the wrath of Beogh upon you.
Pain shoots through your body!
* * * LOW HITPOINT WARNING * * *
The orc barely misses you.
You closely miss the orc.
The orc is heavily wounded.
You hit the orc priest. You burn the orc priest.
The orc priest barely misses you. The orc hits you with a +0 dagger.
* * * LOW HITPOINT WARNING * * *
You hit the orc. You burn the orc.
You kill the orc!
You barely miss the orc priest.
The orc priest shouts, "Surrender to Beogh and we'll let you live!"
The orc priest misses you.
The orc priest shouts, "Beogh is our master!
Accept the truth or die!"
You hit the orc priest. You burn the orc priest.
The orc priest is heavily wounded.
The orc priest calls down the wrath of Beogh upon you.
Beogh smites you!
You die...

### ###### #.# #....#
##### #.####### #....#
#...# #>. ..... #....#
#...# #.# #...#
#....###...# #.###...#
#...)@.....###(.......
#...o####.#......#..##
#....# #.#....#.†.#..
#....# #.#..#...#...#
###....####..#...#...#..
#.......K...#†..#...#...#
#.........#...#...#...#..
#...........#...#...#...#
#.........#...#(..#...#..


You could see an orc priest.

Vanquished Creatures
  A bullfrog (D:3)
  An orc (D:3)
  4 bats (D:1)
  7 endoplasms
  3 giant cockroaches
  A goblin (D:1)
  5 hobgoblins
  6 kobolds
  5 quokkas
  6 ball pythons
  2 frilled lizards (D:1)
  4 rats
45 creatures vanquished.

Notes
Turn   | Place    | Note
-------+----------+-------------------------------------------
     0 | D:1      | fragbeetle the Hill Orc Cinder Acolyte began the quest for
                  | the Orb.
     0 | D:1      | Reached XP level 1. HP: 19/19 MP: 2/2
   316 | D:1      | Found a faded altar of an unknown god.
   330 | D:1      | Reached XP level 2. HP: 27/27 MP: 3/3
   333 | D:1      | Learned a level 2 spell: Scorch
   668 | D:1      | Reached XP level 3. HP: 32/33 MP: 4/4
  1443 | D:3      | Noticed a bullfrog
  1445 | D:3      | Killed a bullfrog
  1446 | D:3      | Reached skill level 5 in Axes
  1446 | D:3      | Reached XP level 4. HP: 40/40 MP: 0/6
  1635 | D:3      | Killed from afar by an orc priest

Illustrated notes

Levels and vault maps discovered:
D:1:      ebering_hopf_link, layout_basic, basic_ecumenical_altar,
          minmay_pentomino_p4
D:2:      layout_basic
D:3:      layout_basic, nicolae_gozag_zags_fifth_avenue,
          mainiacjoe_overflow_surrounded_room, hex_large, grunt_ministairs_11,
          corexii_item_surrounded_by_moat

Skill      XL: |  1  2  3 |
---------------+----------+-----
Fighting       | 4 |  4.2
Axes           | 5 |  5.2
Fire Magic     | 4 |  4.4
Spellcasting   | |  1.5

Action                   |  1- 3 |  4- 6 || total
-------------------------+-------+-------++-------
Melee: Hand axe          |    98 |    16 ||   114
       Punch             |     1 |       ||     1
Throw: Boomerang         |       |     3 ||     3
 Cast: Scorch            |     2 |     2 ||     4
Armor: Robe              |    26 |     2 ||    28
Dodge: Dodged            |    66 |    18 ||    84

Table legend: (Time is in decaauts)
 A = Elapsed time spent in this place.
 B = Non-inter-level travel time spent in this place.
 C = Inter-level travel time spent in this place.
 D = Time resting spent in this place.
 E = Time spent auto-exploring this place.
 F = Levels seen in this place.
 G = Mean time per level.
                   A        B        C        D        E       F      G
               +--------+--------+--------+--------+--------+-----+--------+
         Total |   1643 |   1616 |     27 |      0 |   1326 |   3 |  547.7 |
       Dungeon |   1643 |   1616 |     27 |      0 |   1326 |   3 |  547.7 |
               +--------+--------+--------+--------+--------+-----+--------+

Top non-repeatable levels by time:
     D:1: 1050 daAuts
     D:2: 366 daAuts
     D:3: 226 daAuts
